 Dungeon Sprint DCSS version 0.17-a0-1667-g4ca74a1 (webtiles) character file.

50 Kidiri the Sneak (level 3, -3/16 HPs)
             Began as a Spriggan Enchanter on Aug 17, 2015.
             Slain by a scorpion (8 damage)
             ... in the Dungeon (Sprint III: "The Ten Rune Challenge").
             The game lasted 00:01:04 (223 turns).

Kidiri the Sneak (Spriggan Enchanter)                Turns: 223, Time: 00:01:04

Health: -3/16      AC:  3    Str:  4    XL:     3   Next: 55%
Magic:  2/10       EV: 21    Int: 16    God:
Gold:   0          SH:  0    Dex: 17    Spells: 4 memorised, 2 levels left

rFire  . . .     SeeInvis +     a - +1 dagger
rCold  . . .     Clarity  .     b - +1 robe
rNeg   . . .     SustAt   .     (shield restricted)
rPois  .         Gourm    .     (helmet restricted)
rElec  .         Spirit   .     (no cloak)
rCorr  .         Warding  .     (gloves unavailable)
rMut   .         NoTele   +     (boots unavailable)
MR     .....                    (no amulet)
Stlth  ++++......               (no ring)
                                (no ring)

@: very quick, not resistant to hostile enchantments, stealthy
A: unfitting armour, see invisible, herbivore 3, speed 3, slow metabolism 2
a: no special abilities


You were in the Dungeon.
You were not hungry.

You visited 1 branch

Inventory:

Hand weapons
 a - a +1 dagger (weapon)
Armour
 b - a +1 robe (worn)
Scrolls
 j - a scroll of blinking
Potions
 e - a potion of curing
 f - a potion of heal wounds
 g - a potion of haste
 h - 2 potions of magic
 i - a potion of berserk rage
 k - a potion of invisibility
Books
 c - a book of Maledictions

   Spells                             Type                      Level
   a - Corona                         Hexes                        1
   b - Ensorcelled Hibernation        Hexes/Ice                    2
   c - Confuse                        Hexes                        3
   d - Tukima's Dance                 Hexes                        3
   e - Dazzling Spray                 Conjuration/Hexes            3
Comestibles
 d - a bread ration
 l - a royal jelly


   Skills:
 + Level 2.8 Short Blades
 * Level 5.8 Dodging
 * Level 6.8 Stealth
 * Level 4.9 Spellcasting
 + Level 4.7 Hexes
 + Level 0.5 Ice Magic


You had 2 spell levels left.
You knew the following spells:

 Your Spells              Type           Power        Failure   Level  Hunger
a - Corona                Hex            ###....      2%          1    None
b - Ensorcelled Hibernat  Hex/Ice        ##....       10%         2    ##.....
c - Confuse               Hex            ###.....     10%         3    ###....
d - Tukima's Dance        Hex            ###.....     10%         3    ###....


Dungeon Overview and Level Annotations

Branches:
Dungeon (1/1)

Altars:


Innate Abilities, Weirdness & Mutations

You are tiny and cannot use many weapons and most armour.
You have supernaturally acute eyesight.
You are a herbivore.
You cover ground extremely quickly.
You need consume almost no food.


Message History

The scorpion is moderately wounded.
You hit the scorpion but do no damage.
The scorpion is moderately wounded.
The scorpion closely misses you.
You hit the scorpion.
The scorpion is heavily wounded.
You hit the scorpion but do no damage.
The scorpion is heavily wounded.
You hit the scorpion but do no damage.
The scorpion is moderately wounded.
You hit the scorpion but do no damage.
The scorpion is moderately wounded.
You hit the scorpion.
The scorpion is heavily wounded.
The scorpion seems less confused.
The scorpion stings you.
You hit the scorpion but do no damage.
The scorpion is heavily wounded.
The scorpion stings you!
Ouch! That really hurt!
You die...

▓▓▓▓▓▓▓▓▓
▓<..#...#### ##.#
▓...#......## #..#
▓..##.......# #..#
▓##.##.##...# #..#
##.##[###..# +#..#
▓#.####.##..# #...+
▓.###..##..####.s.#
▓#.....##..###†.@.#
###..##...##.....#
##..##....#......#
#..###..##.#.....#
#(.# #..#####....#
▓▓▓▓ ▓▓▓▓ ▓▓▓▓▓▓


You could see a scorpion.

Vanquished Creatures
  Jessica (D)
  A human (D)
  An ooze (D)
  A rat (D)
4 creatures vanquished.

Vanquished Creatures (others)
  2 draconian scorchers (D)
  A hydra (D)
  6 plants (D)
9 creatures vanquished.

Grand Total: 13 creatures vanquished

Notes
Turn   | Place    | Note
--------------------------------------------------------------
     0 | D        | Kidiri the Spriggan Enchanter began the quest for the Orb.
     0 | D        | Reached XP level 1. HP: 9/9 MP: 5/5
    11 | D        | Reached skill level 5 in Stealth
    25 | D        | Noticed Jessica
    39 | D        | Killed Jessica
    39 | D        | Reached skill level 5 in Dodging
    39 | D        | Reached skill level 6 in Stealth
    39 | D        | Reached XP level 2. HP: 8/13 MP: 5/8
    39 | D        | Reached XP level 3. HP: 9/16 MP: 5/9
   117 | D        | Killed a six-headed hydra
   138 | D        | Learned a level 2 spell: Ensorcelled Hibernation
   142 | D        | Learned a level 3 spell: Confuse
   146 | D        | Learned a level 3 spell: Tukima's Dance
   153 | D        | Killed a white draconian scorcher
   162 | D        | Killed a white draconian scorcher
   196 | D        | Noticed a scorpion
   223 | D        | Slain by a scorpion

Vault maps used:
D:        dungeon_sprint_mu

Action                   || total
-------------------------++-------
Melee: Dagger            ||    25
 Cast: Corona            ||     1
       Ensorcelled Hiber ||     3
       Confuse           ||     1
 Stab: Sleeping          ||     3
